TOP OF THE 1ST |
Irvine Gang Green batting - Pitching for Los Angeles Bruins : RHP Kyu-pyeong Pak
|
Pitching: RHP Kyu-pyeong Pak
|
|
Batting: LHB Tony Tavárez
|
0-0: Ball 1-0: Fly out, F7 (Flyball, 7M)
|
Batting: RHB Oliver Hernández
|
0-0: Ball 1-0: Called Strike 1-1: Fly out, F3 (Popup, 3)
|
Batting: LHB Víctor Quiñones
|
0-0: Ball 1-0: Ball 2-0: Called Strike 2-1: Swinging Strike 2-2: Ball 3-2: Strikes out looking
|
Top of the 1st over - 0 run(s), 0 hit(s), 0 error(s), 0 left on base; Irvine 0 - Los Angeles 0 |
BOTTOM OF THE 1ST |
Los Angeles Bruins batting - Pitching for Irvine Gang Green : LHP Frank Jackson
|
Pitching: LHP Frank Jackson
|
|
Batting: SHB Ramón Lugo
|
0-0: Ball 1-0: Called Strike 1-1: Foul Ball, location: 2F 1-2: Ball 2-2: Strikes out looking
|
Batting: RHB Tom Doherty
|
0-0: Called Strike 0-1: Ground out 1-3 (Groundball, 25)
|
Batting: LHB Richard Hunter
|
0-0: Fly out, F8 (Flyball, 8LS)
|
Bottom of the 1st over - 0 run(s), 0 hit(s), 0 error(s), 0 left on base; Irvine 0 - Los Angeles 0 |
TOP OF THE 2ND |
Irvine Gang Green batting - Pitching for Los Angeles Bruins : RHP Kyu-pyeong Pak
|
Batting: RHB José García
|
0-0: Ball 1-0: Ball 2-0: Ground out 3-1 (Groundball, 34)
|
Batting: LHB Bill Murphy
|
0-0: Called Strike 0-1: Ball 1-1: Foul Ball, location: 2F 1-2: Ground out 4-3 (Groundball, 4M)
|
Batting: LHB Tom Baker
|
0-0: Ground out 4-3 (Groundball, 4M)
|
Top of the 2nd over - 0 run(s), 0 hit(s), 0 error(s), 0 left on base; Irvine 0 - Los Angeles 0 |
BOTTOM OF THE 2ND |
Los Angeles Bruins batting - Pitching for Irvine Gang Green : LHP Frank Jackson
|
Batting: RHB Rubén Calderón
|
0-0: Called Strike 0-1: SINGLE (Groundball, 5D)
|
Batting: RHB Morgan Gibbon
|
Pickoff Throw to First - Out! 0-0: Ball 1-0: Ground out 1-3 (Groundball, 15)
|
Batting: LHB José Antonio Santiago
|
0-0: Called Strike 0-1: Ball 1-1: Swinging Strike 1-2: Foul Ball, location: 2F 1-2: Foul Ball, location: 2F 1-2: SINGLE (Groundball, 34D)
|
Batting: RHB Brendan Vigors
|
0-0: Ball José Antonio Santiago is caught stealing 2nd base
|
Bottom of the 2nd over - 0 run(s), 2 hit(s), 0 error(s), 0 left on base; Irvine 0 - Los Angeles 0 |
TOP OF THE 3RD |
Irvine Gang Green batting - Pitching for Los Angeles Bruins : RHP Kyu-pyeong Pak
|
Batting: LHB Lorenzo Quintanilla
|
0-0: Foul Ball, location: 2F 0-1: Swinging Strike 0-2: Strikes out swinging
|
Batting: SHB Adrián Ramírez
|
0-0: Ball 1-0: Foul Ball, location: 2F 1-1: Fly out, F4 (Line Drive, 4)
|
Batting: RHB José Salazar
|
0-0: Called Strike 0-1: Foul Ball, location: 2F 0-2: Ball 1-2: Ball 2-2: Fly out, F9 (Flyball, 89S)
|
Top of the 3rd over - 0 run(s), 0 hit(s), 0 error(s), 0 left on base; Irvine 0 - Los Angeles 0 |
BOTTOM OF THE 3RD |
Los Angeles Bruins batting - Pitching for Irvine Gang Green : LHP Frank Jackson
|
Batting: RHB Brendan Vigors
|
0-0: Ball 1-0: Ball 2-0: Called Strike 2-1: Called Strike 2-2: Foul Ball, location: 2F 2-2: Ball 3-2: Ground out 1-3 (Groundball, 15)
|
Batting: SHB Miguel González
|
0-0: Ground out 5-3 (Groundball, 56)
|
Batting: RHB Gregg Nelson
|
0-0: Ball 1-0: Called Strike 1-1: DOUBLE (Line Drive, 89M)
|
Batting: SHB Ramón Lugo
|
0-0: Swinging Strike 0-1: Ground out 5-3 (Groundball, 56S)
|
Bottom of the 3rd over - 0 run(s), 1 hit(s), 0 error(s), 1 left on base; Irvine 0 - Los Angeles 0 |
TOP OF THE 4TH |
Irvine Gang Green batting - Pitching for Los Angeles Bruins : RHP Kyu-pyeong Pak
|
Batting: LHB Tony Tavárez
|
0-0: Ground out 4-3 (Groundball, 34)
|
Batting: RHB Oliver Hernández
|
0-0: Ball 1-0: Ball 2-0: Called Strike 2-1: Fly out, F6 (Line Drive, 6)
|
Batting: LHB Víctor Quiñones
|
0-0: Swinging Strike 0-1: Foul Ball, location: 2F 0-2: Ball 1-2: Strikes out swinging
|
Top of the 4th over - 0 run(s), 0 hit(s), 0 error(s), 0 left on base; Irvine 0 - Los Angeles 0 |
BOTTOM OF THE 4TH |
Los Angeles Bruins batting - Pitching for Irvine Gang Green : LHP Frank Jackson
|
Batting: RHB Tom Doherty
|
0-0: Foul Ball, location: 2F 0-1: Ball 1-1: Foul Ball, location: 2F Reached via error on a dropped throw, E3
|
Batting: LHB Richard Hunter
|
0-0: Swinging Strike 0-1: Ball 1-1: Fly out, F7 (Flyball, 78D)
|
Batting: RHB Rubén Calderón
|
0-0: Called Strike 0-1: Swinging Strike 0-2: Foul Ball, location: 2F 0-2: Ball 1-2: Foul Ball, location: 2F 1-2: Foul Ball, location: 2F 1-2: SINGLE (Flyball, 7LM) Tom Doherty to second
|
Batting: RHB Morgan Gibbon
|
0-0: Ball 1-0: Called Strike 1-1: Grounds into double play, 5-4-3 (Groundball, 5)
|
Bottom of the 4th over - 0 run(s), 1 hit(s), 1 error(s), 1 left on base; Irvine 0 - Los Angeles 0 |
TOP OF THE 5TH |
Irvine Gang Green batting - Pitching for Los Angeles Bruins : RHP Kyu-pyeong Pak
|
Batting: RHB José García
|
0-0: Ball 1-0: Called Strike 1-1: Foul Ball, location: 2F 1-2: Foul Ball, location: 2F 1-2: SINGLE (Groundball, 34D)
|
Batting: LHB Bill Murphy
|
0-0: Ball 1-0: Called Strike José García is caught stealing 2nd base 1-1: Foul Ball, location: 2F 1-2: Ground out U3 (Groundball, 3)
|
Batting: LHB Tom Baker
|
0-0: SINGLE (Groundball, 34D)
|
Batting: LHB Lorenzo Quintanilla
|
0-0: Called Strike 0-1: Ball 1-1: Called Strike 1-2: Ball Tom Baker is caught stealing 2nd base
|
Top of the 5th over - 0 run(s), 2 hit(s), 0 error(s), 0 left on base; Irvine 0 - Los Angeles 0 |
BOTTOM OF THE 5TH |
Los Angeles Bruins batting - Pitching for Irvine Gang Green : LHP Frank Jackson
|
Batting: LHB José Antonio Santiago
|
Reached via error on a dropped throw, E1
|
Batting: RHB Brendan Vigors
|
0-0: Ball 1-0: Fly out, F3 (Popup, 13)
|
Batting: SHB Miguel González
|
0-0: Called Strike 0-1: Foul Ball, location: 2F 0-2: Fly out, F4 (Line Drive, 4M) 0-2: Lined into DP, 4-3 (Line Drive, 4M)
|
Bottom of the 5th over - 0 run(s), 0 hit(s), 1 error(s), 0 left on base; Irvine 0 - Los Angeles 0 |
TOP OF THE 6TH |
Irvine Gang Green batting - Pitching for Los Angeles Bruins : RHP Kyu-pyeong Pak
|
Batting: LHB Lorenzo Quintanilla
|
0-0: Ball 1-0: Called Strike 1-1: Foul Ball, location: 2F 1-2: Ball 2-2: Ball 3-2: Fly out, F7 (Flyball, 78XD)
|
Batting: SHB Adrián Ramírez
|
0-0: Foul Ball, location: 2F 0-1: Ball 1-1: Ball 2-1: Ground out 5-3 (Groundball, 56S)
|
Batting: RHB José Salazar
|
0-0: Hit by Pitch
|
Batting: LHB Tony Tavárez
|
0-0: Called Strike 0-1: Called Strike 0-2: Strikes out looking
|
Top of the 6th over - 0 run(s), 0 hit(s), 0 error(s), 1 left on base; Irvine 0 - Los Angeles 0 |
BOTTOM OF THE 6TH |
Los Angeles Bruins batting - Pitching for Irvine Gang Green : LHP Frank Jackson
|
Batting: RHB Gregg Nelson
|
0-0: Foul Ball, location: 2F 0-1: Ball 1-1: Ball 2-1: Swinging Strike 2-2: Foul Ball, location: 2F 2-2: SINGLE (Line Drive, 8LS)
|
Batting: SHB Ramón Lugo
|
0-0: Called Strike 0-1: Ball 1-1: Ground out 5-3 (Groundball, 5L) Gregg Nelson to second
|
Batting: RHB Tom Doherty
|
0-0: Foul Ball, location: 2F 0-1: Foul Ball, location: 2F 0-2: Ball 1-2: Foul Ball, location: 2F 1-2: Ball 2-2: Ball 3-2: Foul Ball, location: 2F 3-2: SINGLE (Flyball, 8RS) Gregg Nelson to third
|
Batting: LHB Richard Hunter
|
0-0: Swinging Strike 0-1: Called Strike 0-2: Ball 1-2: Ball 2-2: Ball 3-2: Base on Balls Tom Doherty to second
|
Batting: RHB Rubén Calderón
|
0-0: Grounds into double play, 4-6-3 (Groundball, 4M)
|
Bottom of the 6th over - 0 run(s), 2 hit(s), 0 error(s), 2 left on base; Irvine 0 - Los Angeles 0 |
TOP OF THE 7TH |
Irvine Gang Green batting - Pitching for Los Angeles Bruins : RHP Kyu-pyeong Pak
|
Pinch Hitting: LHB Leonardo Medina
|
0-0: Called Strike 0-1: Ball 1-1: Fly out, F8 (Flyball, 8RS)
|
Batting: LHB Víctor Quiñones
|
0-0: Ball 1-0: Swinging Strike 1-1: Foul Ball, location: 2F 1-2: Ball 2-2: Ball 3-2: Foul Ball, location: 2F 3-2: Foul Ball, location: 2F 3-2: Foul Ball, location: 2F 3-2: Base on Balls
|
Batting: RHB José García
|
0-0: Foul Ball, location: 2F 0-1: Fielders Choice at 2nd, 4-6 (Groundball, 4)
|
Pinch Hitting: LHB Jesús Campos
|
0-0: Ball 1-0: Called Strike José García steals 2nd base 1-1: Ball 2-1: Ball 3-1: Foul Ball, location: 2F 3-2: SINGLE (Line Drive, 89M) José García to third José García scores
|
Batting: LHB Tom Baker
|
0-0: Called Strike 0-1: Ball 1-1: Foul Ball, location: 2F 1-2: Ground out 4-3 (Groundball, 34)
|
Top of the 7th over - 1 run(s), 1 hit(s), 0 error(s), 1 left on base; Irvine 1 - Los Angeles 0 |
BOTTOM OF THE 7TH |
Los Angeles Bruins batting - Pitching for Irvine Gang Green : LHP Frank Jackson
|
Now at 2B: Pepe González
|
|
Now at SS: Jesús Campos
|
|
Batting: RHB Morgan Gibbon
|
0-0: Ball 1-0: Called Strike 1-1: Ball 2-1: Foul Ball, location: 2F 2-2: Fly out, F9 (Flyball, 89D)
|
Batting: LHB José Antonio Santiago
|
0-0: Ball 1-0: Ground out 4-3 (Groundball, 4)
|
Batting: RHB Brendan Vigors
|
0-0: Ball 1-0: Foul Ball, location: 2F 1-1: Ground out 6-3 (Groundball, 6)
|
Bottom of the 7th over - 0 run(s), 0 hit(s), 0 error(s), 0 left on base; Irvine 1 - Los Angeles 0 |
TOP OF THE 8TH |
Irvine Gang Green batting - Pitching for Los Angeles Bruins : RHP Kyu-pyeong Pak
|
Batting: LHB Lorenzo Quintanilla
|
0-0: Ball 1-0: Called Strike 1-1: Swinging Strike 1-2: Foul Ball, location: 2F 1-2: Strikes out swinging
|
Batting: SHB Adrián Ramírez
|
0-0: Called Strike 0-1: Called Strike 0-2: Ball 1-2: Ball 2-2: Foul Ball, location: 2F 2-2: Ball 3-2: Fly out, F8 (Flyball, 78D)
|
Batting: RHB José Salazar
|
0-0: Called Strike 0-1: Foul Ball, location: 2F 0-2: Ground out 6-3 (Groundball, 6)
|
Top of the 8th over - 0 run(s), 0 hit(s), 0 error(s), 0 left on base; Irvine 1 - Los Angeles 0 |
BOTTOM OF THE 8TH |
Los Angeles Bruins batting - Pitching for Irvine Gang Green : LHP Frank Jackson
|
Batting: SHB Miguel González
|
0-0: Ball 1-0: Ball 2-0: Ball 3-0: Ground out 1-3 (Groundball, 13)
|
Batting: RHB Gregg Nelson
|
0-0: Ground out 5-3 (Groundball, 56S)
|
Batting: SHB Ramón Lugo
|
0-0: Ball 1-0: Ball 2-0: Called Strike 2-1: Ball 3-1: Foul Ball, location: 2F 3-2: Fly out, F8 (Flyball, 89M)
|
Bottom of the 8th over - 0 run(s), 0 hit(s), 0 error(s), 0 left on base; Irvine 1 - Los Angeles 0 |
TOP OF THE 9TH |
Irvine Gang Green batting - Pitching for Los Angeles Bruins : RHP Kyu-pyeong Pak
|
Pitching: RHP Joe Cameron
|
|
Batting: LHB Tony Tavárez
|
0-0: Ground out 6-3 (Groundball, 6M)
|
Batting: RHB Pepe González
|
0-0: Ball 1-0: Ball 2-0: Fly out, F6 (Line Drive, 6)
|
Batting: LHB Víctor Quiñones
|
0-0: Called Strike 0-1: Called Strike 0-2: Ball 1-2: Foul Ball, location: 2F 1-2: Ball 2-2: Ball 3-2: Ground out 4-3 (Groundball, 4M)
|
Top of the 9th over - 0 run(s), 0 hit(s), 0 error(s), 0 left on base; Irvine 1 - Los Angeles 0 |
BOTTOM OF THE 9TH |
Los Angeles Bruins batting - Pitching for Irvine Gang Green : LHP Frank Jackson
|
Pitching: RHP Kuang-yin Yue
|
|
Pinch Hitting: LHB Tony Abete
|
0-0: Foul Ball, location: 2F 0-1: Swinging Strike 0-2: Strikes out looking
|
Batting: LHB Richard Hunter
|
0-0: Called Strike 0-1: Foul Ball, location: 2F 0-2: Strikes out swinging
|
Batting: RHB Rubén Calderón
|
0-0: Ball 1-0: Called Strike 1-1: Foul Ball, location: 2F 1-2: Foul Ball, location: 2F 1-2: Ground out 6-3 (Groundball, 6M)
|
Bottom of the 9th over - 0 run(s), 0 hit(s), 0 error(s), 0 left on base; Irvine 1 - Los Angeles 0 |
|